 Dungeon Crawl Stone Soup version 0.19-a0-231-gae044c8 (webtiles) character file.

26 oplop the Sneak (level 2, 0/22 HPs)
             Began as a Vampire Assassin on May 25, 2016.
             Succumbed to an adder's poison
             ... on level 2 of the Dungeon.
             The game lasted 00:00:53 (907 turns).

oplop the Sneak (Vampire Assassin)                   Turns: 907, Time: 00:00:54

Health: 0/22       AC:  3    Str: 10    XL:     2   Next: 89%
Magic:  2/2        EV: 12    Int: 13    God:
Gold:   20         SH:  0    Dex: 15    Spells: 0 memorised, 1 level left

rFire  . . .     SeeInvis +     h - +1 dagger (venom)
rCold  . . .     Gourm    .     c - +0 robe
rNeg   + . .     Faith    .     (no shield)
rPois  .         Spirit   .     (helmet restricted)
rElec  +         Dismiss  .     d - +0 cloak
rCorr  .         Reflect  .     (no gloves)
SustAt .         Harm     .     (no boots)
MR     .....     Clarity  +     (no amulet)
Stlth  ++++......               (no ring)
                                (no ring)

@: lethally poisoned (0 -> -10), not resistant to hostile enchantments, stealthy
A: fangs 3, horns 1, see invisible, clarity, electricity resistance,
unbreathing, no device heal 1
a: no special abilities


You were on level 2 of the Dungeon.
You were not thirsty.

You visited 1 branch of the dungeon, and saw 2 of its levels.

You collected 20 gold pieces.

Inventory:

Hand Weapons
 a - a +2 dagger
 b - a +0 blowgun
 h - a +1 dagger of venom (weapon)
Missiles
 e - 8 poisoned needles
 f - 2 curare-tipped needles
Armour
 c - a +0 robe (worn)
 d - a +0 cloak (worn)
Scrolls
 i - a scroll of random uselessness {unknown}
 j - a scroll of identify {unknown}
Potions
 g - a potion of blood
 k - a potion of mutation
 l - a potion of curing {unknown}
 m - a potion of heal wounds {unknown}
 n - a potion of lignification {unknown}


   Skills:
 + Level 2.1 Fighting
 + Level 2.6 Short Blades
 - Level 1.5 Throwing
 + Level 1.9 Dodging
 + Level 6.2 Stealth


You had one spell level left.
You didn't know any spells.

Dungeon Overview and Level Annotations

Branches:
Dungeon (2/15)

Altars:


Innate Abilities, Weirdness & Mutations

You have razor-sharp teeth.
You have supernaturally acute eyesight. (SInv)
You can survive without breathing.
You have a pair of small horns on your head.
You possess an exceptional clarity of mind.
You are resistant to electric shocks. (rElec)
Potions and wands are less effective at restoring your health.


Message History

You miss the adder.
The adder is heavily wounded.
The adder bites you.
* * * LOW HITPOINT WARNING * * *
You are lethally poisoned!
The adder poisons you! The kobold barely misses you. The adder bites you.
* * * LOW HITPOINT WARNING * * *
You are more poisoned.
The adder poisons you!
Drink which item? (? for menu, Esc to quit)
It was a potion of mutation.
You feel extremely strange.
You feel insulated.
Your thoughts seem clearer.
A pair of horns grows on your head!
* * * LOW HITPOINT WARNING * * *
You feel sick. The kobold hits you but does no damage.
The adder bites you but does no damage.
Drink which item? (? for menu, Esc to quit)
You feel extremely strange.
Your system partially rejects artificial healing.
You die...

.# #.>.......#
#... .........# #.
#.#.##..........
!##.#..##........#
.................
.. .............
#.##.##.KS...#
#..#.##)@...#
#.#......).#
#.(......#.# ###
#..#(..#...## ...
#....##.!###..##
.#....#.##...#
#...#####
....##.##..##
#.......#
##..##.###.#
##.#....# ##.....#
#.#####.#....##
###


You could see an adder and a kobold.

Vanquished Creatures
  A worm (D:2)
  A dart slug (D:1)
  3 bats
  2 giant cockroaches (D:1)
  3 hobgoblins (D:1)
  5 kobolds
  A quokka (D:2)
  3 giant newts
  2 goblins (D:1)
  A rat (D:1)
22 creatures vanquished.

Notes
Turn   | Place    | Note
--------------------------------------------------------------
     0 | D:1      | oplop the Vampire Assassin began the quest for the Orb.
     0 | D:1      | Reached XP level 1. HP: 16/16 MP: 1/1
   298 | D:1      | Reached skill level 6 in Stealth
   383 | D:1      | Reached XP level 2. HP: 22/22 MP: 2/2
   906 | D:2      | Gained mutation: You are resistant to electric shocks. (rElec) [potion of mutation]
   906 | D:2      | Gained mutation: You possess an exceptional clarity of mind. [potion of mutation]
   906 | D:2      | Gained mutation: You have a pair of small horns on your head. [potion of mutation]
   906 | D:2      | HP: 1/22 [poisoned by an adder]
   907 | D:2      | Gained mutation: Potions and wands are less effective at restoring your health. [potion of mutation]
   907 | D:2      | Succumbed to an adder's poison

Vault maps used:
D:1:      saegor_arrival_miasma, roderic_serpentine_path
D:2:      gammafunk_temple_overflow_forgotten, first_bread

Skill      XL: |  1 |
---------------+----+-----
Fighting       | 2 |  2.1
Stealth        | 6 |  6.2
Short Blades   | |  2.6
Throwing       | |  1.5
Dodging        | |  1.9

Action                   || total
-------------------------++-------
Melee: Dagger            ||    62
       Bite              ||     3
  Use: Potion            ||     2
 Stab: Sleeping          ||     6
Armor: Robe              ||    15
Dodge: Dodged            ||    33
